Map: Kairos Junction LE

Players

Zanster

  • Race: Zerg Zerg
  • Spawn Location: 11:00

goblin - Winner!

  • Race: Protoss Protoss
  • Spawn Location: 5:00

Event: 2019 WCS Summer

VOD

Have the link to the VOD?

Description

Time

  • Played on: July 12, 2019, 2:25 p.m.
  • Length: 10:46

All games in this series

Show
View Real Time Build Order
Export as new Build Order

Zanster Zerg 

Build Orders: Pool First 

Get SALT Encoding   

  12  0:00  Drone  
  13  0:13  Overlord  
  13  0:17  Drone  
  14  0:31  Drone x2  
  16  0:36  Drone  
  17  0:43  Extractor  
  17  0:46  Spawning Pool  
  15  0:50  Drone  
  16  0:57  Drone  
  17  1:08  Drone  
  19  1:18  Drone  
  19  1:29  Hatchery  
  18  1:34  Zergling x2  
  18  1:38  Queen  
  21  1:42  Zergling x2  
  22  1:50  Metabolic Boost  
  22  1:58  Zergling x2, Extractor  
  22  2:01  Overlord  
  23  2:29  Zergling x4  
  25  2:35  Zergling x2  
  26  2:41  Queen  
  28  2:45  Spine Crawler  
  28  2:46  Spine Crawler  
  28  2:47  Zergling x2  
  28  2:50  Zergling x4  
  30  2:53  Zergling x2  
  30  2:55  Zergling x2  
  32  3:02  Spine Crawler  
  30  3:13  Drone  
  30  3:14  Drone  
  30  3:16  Queen  
  32  3:20  Overlord  
  32  3:22  Zergling x4  
  34  3:31  Zergling x2  
  35  3:35  Zergling x2  
  35  3:37  Spine Crawler  
  34  3:43  Spine Crawler  
  33  3:51  Zergling x6  
  36  4:02  Zergling x6  
  38  4:06  Zergling x2  
  37  4:23  Zergling x10  
  41  4:29  Overlord  
  39  4:32  Zergling x2  
  40  4:40  Zergling x4  
  40  4:45  Overlord  
  41  5:05  Zergling x8  
  42  5:12  Zergling x2  
  39  5:14  Queen  
  38  5:22  Zergling x4  
  38  5:27  Zergling x2  
  38  5:28  Zergling x2  
  41  5:37  Zergling x2  
  41  5:59  Zergling x4  
  41  6:00  Zergling x6  
  45  6:11  Overlord  
  45  6:16  Hatchery  
  43  6:20  Zergling x4  
  44  6:32  Zergling x6  
  41  6:38  Zergling x4  
  36  6:47  Zergling x4  
  36  6:51  Zergling x2  
  31  6:54  Zergling x2  
  31  7:04  Zergling x4  
  33  7:10  Zergling x2  
  33  7:15  Zergling x2  
  32  7:26  Zergling x4  
  32  7:29  Zergling x2  
  35  7:34  Zergling x2  
  36  7:38  Queen  
  39  7:44  Zergling x6  
  41  7:58  Drone x4  
  43  8:15  Zergling x8  
  44  8:20  Zergling x4  
  46  8:31  Zergling x2  
  48  8:41  Queen  
  46  8:47  Zergling x10  
  53  8:55  Zergling x2  
  54  9:07  Zergling x4  
  52  9:12  Zergling x8  
  52  9:21  Zergling x4  
  51  9:28  Zergling x2  
  45  9:35  Zergling x2  
  45  9:39  Zergling x2  
  34  9:59  Zergling x6  
  28  10:33  Hatchery  
Show
View Real Time Build Order
Export as new Build Order

goblin Protoss - Winner!

Build Orders:  

Get SALT Encoding   

  12  0:00  Probe  
  13  0:12  Probe  
  14  0:18  Pylon  
  14  0:24  Probe  
  15  0:32  Probe  
  15  0:38  Gateway  
  15  0:40  Probe  
  16  0:46  Assimilator  
  17  0:51  Probe  
  18  1:03  Probe  
  19  1:16  Probe  
  20  1:23  Zealot  
  20  1:26  Cybernetics Core  
  22  1:34  Gateway  
  22  1:35  Pylon  
  22  1:45  Probe  
  23  1:47  Assimilator  
  23  1:51  Zealot  
  25  1:56  Warp Gate  
  25  2:00  Probe  
  26  2:03  Pylon  
  26  2:10  Stalker  
  26  2:13  Shield Battery  
  26  2:22  Shield Battery  
  27  2:32  Stalker  
  29  2:37  Probe  
  29  2:42  Stalker  
  32  2:56  Shield Battery  
  32  3:01  Shield Battery  
  32  3:02  Stalker  
  32  3:20  Shield Battery  
  32  3:23  Shield Battery  
  32  3:40  Probe  
  32  3:41  Robotics Facility  
  31  3:44  Shield Battery  
  31  3:45  Stalker x2  
  35  3:54  Cybernetics Core  
  35  4:23  Stalker, Sentry  
  39  4:38  Pylon  
  39  4:47  Gateway  
  39  4:53  Immortal  
  39  4:56  Probe  
  44  5:01  Stalker  
  44  5:06  Shield Battery  
  46  5:07  Shield Battery  
  40  5:22  Shield Battery  
  38  5:29  Immortal  
  42  5:45  Pylon  
  42  5:48  Pylon  
  42  6:05  Shield Battery  
  42  6:06  Shield Battery  
  42  6:09  Shield Battery  
  42  6:12  Pylon  
  42  6:13  Sentry  
  44  6:20  Pylon  
  44  6:39  Immortal  
  44  6:45  Stalker  
  44  7:05  Shield Battery  
  44  7:06  Gateway  
  44  7:09  Shield Battery  
  44  7:21  Sentry  
  40  7:23  Gateway  
  40  7:25  Observer  
  41  7:42  Shield Battery, Immortal  
  41  7:43  Observer  
  41  7:45  Sentry  
  47  8:01  Sentry  
  48  8:15  Observer  
  48  8:21  Warp Prism  
  48  8:26  Sentry x2  
  54  8:54  Cybernetics Core  
  54  8:57  Pylon  
  54  8:58  Pylon  
  52  9:12  Sentry  
  48  9:24  Sentry  
  47  9:29  Sentry  
  30  10:45  Adept  
Tags
 
Add a new tag
Caveats
  • Supply blocks, unpowered buildings, or Contaminate may cause inaccurate times.
  • Supply counts are checked every 10 seconds.